AoeStats
← Oji San

Arabia

507009527Analyzed
1v1 RM · 16d ago on Sep 16, 2026· 43m 32s· 2 players
Game mode
Random Map
Map size
Tiny (2 player)
Population
200
Speed
Normal
Resources
Standard
Victory
Conquest
Starting age
Dark Age
Ending age
Imperial Age
RankedLock teamsTeams togetherTeam positionsShared explorationLock speedFull tech treeHidden civsTurbo modeCheats
Victory
Defeat
🇹🇷 Hindustanis · Türkiye
1083
+13
🇮🇩 Khitans · Indonesia
1022
-33
Oji San
11:14 Feudal Age
12:31 Loom
27:21 Forging
27:11 Scale Mail Armor
30:18 Castle Age
30:11 Double-Bit Axe
30:31 Man-at-Arms
30:38 Pikeman
31:23 Squires
31:08 Arson
30:55 Crossbowman
32:00 Bow Saw
34:51 Domestication
37:16 Wheelbarrow
42:44 Man-at-Arms
mertersoz88
6:26 Loom
8:57 Feudal Age
10:55 Double-Bit Axe
19:41 Castle Age
18:54 Bloodlines
19:52 Forging
19:47 Scale Barding Armor
19:34 Horse Collar
20:35 Bow Saw
20:50 Heavy Plow
23:55 Iron Casting
27:42 Wheelbarrow
28:24 Town Watch
29:55 Chain Barding Armor
35:19 Imperial Age
32:44 Stone Mining
32:45 Gold Mining
34:18 Hand Cart
34:20 Husbandry
35:39 Heavy Camel Rider
37:10 Conscription
38:33 Blast Furnace
38:09 Plate Barding Armor
37:37 Scale Mail Armor
38:55 Light Cavalry
40:02 Grand Trunk Road
40:47 Grand Trunk Road
41:05 Imperial Camel Rider
42:49 Chain Mail Armor
42:42 Hussar
Connection lost

Rejoining the realm…

Still unreachable

The connection could not be restored.

Session expired

The server has moved on; the page needs a fresh start.